[Event "FTX Road to Miami Prelims 2022"]
[Site "Online"]
[Date "2022.07.04"]
[Round "5.6"]
[White "Giri, Anish"]
[Black "Radjabov, Teimour"]
[Result "1-0"]
[ECO "E05"]
[WhiteElo "2760"]
[BlackElo "2738"]
[Annotator "ChessBase"]
[PlyCount "59"]
[EventDate "2022.07.10"]
[EventType "tourn"]
[EventCountry "NET"]
[SourceTitle "playchess.com"]
[Source "ChessBase"]
[SourceQuality "1"]
[TimeControl "40/5400+30:1800+30"]

1. d4 Nf6 2. c4 e6 3. Nf3 d5 4. g3 Be7 5. Bg2 O-O 6. O-O dxc4 7. Qc2 b5 8. a4 Bb7 9. axb5 a6 10. bxa6 Nxa6 11. Qxc4 Bd5 12. Qc3 c5 13. Be3 Ne4 14. Qc1 cxd4 15. Bxd4 Nec5 16. Bxc5 Nxc5 17. Rxa8 Qxa8 18. Nc3 Bxf3 19. Bxf3 Qb8 20. Rd1 Qb4 21. Kg2 Rb8 22. Qe3 Bf8 23. h4 Qa5 24. Rd2 Nb3 25. Rd7 Rd8 26. Rb7 Nd4 27. Qf4 f5 28. Qg5 Rc8 29. Qe3 Rd8 30. Nb5 1-0

[Event "FTX Road to Miami Prelims 2022"]
[Site "Online"]
[Date "2022.07.04"]
[Round "5.7"]
[White "Xiong, Jeffery"]
[Black "Aronian, Levon"]
[Result "1-0"]
[ECO "D21"]
[WhiteElo "2691"]
[BlackElo "2775"]
[Annotator "ChessBase"]
[PlyCount "67"]
[EventDate "2022.07.10"]
[EventType "tourn"]
[EventCountry "NET"]
[SourceTitle "playchess.com"]
[Source "ChessBase"]
[SourceQuality "1"]
[TimeControl "40/5400+30:1800+30"]

1. Nf3 d5 2. d4 c5 3. c4 dxc4 4. d5 e6 5. Nc3 exd5 6. Qxd5 Qxd5 7. Nxd5 Bd6 8. Nd2 Nc6 9. Nxc4 Bb8 10. e4 Nge7 11. Be3 b6 12. O-O-O O-O 13. Be2 Re8 14. Nxe7+ Rxe7 15. e5 Bb7 16. f4 Bc7 17. Nd6 Nd4 18. Bxd4 Bxd6 19. Bf2 Bc7 20. Bh4 f6 21. Bc4+ Kf8 22. Rhf1 Bxg2 23. Rg1 b5 24. Bxb5 Be4 25. Bc4 g5 26. Bf2 Rc8 27. Ba6 Rce8 28. Bxc5 Bb6 29. exf6 Bxc5 30. fxe7+ Rxe7 31. Rd8+ Kf7 32. Bc4+ Kf6 33. Rf8+ Kg7 34. Rxg5+ 1-0

[Event "FTX Road to Miami Prelims 2022"]
[Site "Online"]
[Date "2022.07.04"]
[Round "5.8"]
[White "Tari, Aryan"]
[Black "Sevian, Samuel"]
[Result "0-1"]
[ECO "C79"]
[WhiteElo "2672"]
[BlackElo "2684"]
[Annotator "ChessBase"]
[PlyCount "76"]
[EventDate "2022.07.10"]
[EventType "tourn"]
[EventCountry "NET"]
[SourceTitle "playchess.com"]
[Source "ChessBase"]
[SourceQuality "1"]
[TimeControl "40/5400+30:1800+30"]

1. e4 e5 2. Nf3 Nc6 3. Bb5 a6 4. Ba4 d6 5. O-O Bd7 6. c3 Nf6 7. Re1 g6 8. d4 Bg7 9. h3 O-O 10. Bc2 h6 11. Nbd2 Nh5 12. Nf1 Re8 13. a3 b5 14. Be3 Na5 15. b3 Rc8 16. Qd2 g5 17. Rad1 Be6 18. dxe5 Nxb3 19. Qe2 Nf4 20. Bxf4 gxf4 21. exd6 Bc4 22. Bd3 cxd6 23. Bxc4 bxc4 24. e5 d5 25. N1d2 Qa5 26. Nb1 Rcd8 27. Qc2 Nc5 28. Nd4 Qc7 29. Qf5 Nd3 30. Re2 Rxe5 31. Rxe5 Bxe5 32. Nd2 Bxd4 33. cxd4 Qb6 34. Qg4+ Qg6 35. Qf3 Qf5 36. Rb1 c3 37. Rb3 Rc8 38. g4 Qg6 0-1

[Event "FTX Road to Miami Prelims 2022"]
[Site "Online"]
[Date "2022.07.04"]
[Round "6.1"]
[White "Niemann, Hans Moke"]
[Black "Sevian, Samuel"]
[Result "0-1"]
[ECO "C54"]
[WhiteElo "2688"]
[BlackElo "2684"]
[Annotator "ChessBase"]
[PlyCount "80"]
[EventDate "2022.07.10"]
[EventType "tourn"]
[EventCountry "NET"]
[SourceTitle "playchess.com"]
[Source "ChessBase"]
[SourceQuality "1"]
[TimeControl "40/5400+30:1800+30"]

1. e4 e5 2. Nf3 Nc6 3. Bc4 Bc5 4. c3 Nf6 5. d3 d6 6. O-O O-O 7. Re1 a6 8. a4 h6 9. h3 a5 10. Nbd2 Be6 11. Bxe6 fxe6 12. Nf1 Nh5 13. Be3 Bxe3 14. Rxe3 Nf4 15. Kh2 d5 16. g3 Ng6 17. Kg2 Qd6 18. N1h2 Rad8 19. Qb3 b6 20. Rd1 Rf7 21. h4 Nf8 22. Ng4 d4 23. cxd4 exd4 24. Re2 Nd7 25. e5 Qe7 26. Qb5 Ndb8 27. Rc1 Nb4 28. Qc4 Rd5 29. Ree1 Qd7 30. h5 N8a6 31. Rcd1 Rxf3 32. Kxf3 Rc5 33. Qb3 Rc2 34. Kg2 Nc5 35. Qa3 Qc6+ 36. Kh3 Qf3 37. Rc1 Ncxd3 38. Rxc2 Nxc2 39. Qe7 Nf4+ 40. Kh4 g5+ 0-1

[Event "FTX Road to Miami Prelims 2022"]
[Site "Online"]
[Date "2022.07.04"]
[Round "6.2"]
[White "Aronian, Levon"]
[Black "Tari, Aryan"]
[Result "1-0"]
[ECO "C59"]
[WhiteElo "2775"]
[BlackElo "2672"]
[Annotator "ChessBase"]
[PlyCount "79"]
[EventDate "2022.07.10"]
[EventType "tourn"]
[EventCountry "NET"]
[SourceTitle "playchess.com"]
[Source "ChessBase"]
[SourceQuality "1"]
[TimeControl "40/5400+30:1800+30"]

1. e4 e5 2. Nf3 Nc6 3. Bc4 Nf6 4. Ng5 d5 5. exd5 Na5 6. Bb5+ c6 7. dxc6 bxc6 8. Be2 h6 9. Nh3 Bc5 10. d3 O-O 11. O-O Nb7 12. Kh1 Bxh3 13. gxh3 Qd7 14. Rg1 Kh8 15. Qf1 Nd5 16. Nd2 f5 17. Nf3 Rae8 18. c3 e4 19. Nh4 Rf6 20. d4 Bd6 21. Bh5 Ree6 22. Ng6+ Kh7 23. Qg2 Nd8 24. a3 f4 25. c4 f3 26. Qg4 e3 27. cxd5 exf2 28. Rf1 Re1 29. Bd2 Rxa1 30. Rxa1 Qb7 31. Qe4 Kg8 32. Rf1 Qxb2 33. Rxf2 cxd5 34. Qe8+ Bf8 35. Nxf8 Qa1+ 36. Qe1 Qxd4 37. Bc3 Qe4 38. Qxe4 dxe4 39. Bxf6 e3 40. Rxf3 1-0

[Event "FTX Road to Miami Prelims 2022"]
[Site "Online"]
[Date "2022.07.04"]
[Round "6.4"]
[White "Rapport, Richard"]
[Black "Giri, Anish"]
[Result "1/2-1/2"]
[ECO "B31"]
[WhiteElo "2764"]
[BlackElo "2760"]
[Annotator "ChessBase"]
[PlyCount "140"]
[EventDate "2022.07.10"]
[EventType "tourn"]
[EventCountry "NET"]
[SourceTitle "playchess.com"]
[Source "ChessBase"]
[SourceQuality "1"]
[TimeControl "40/5400+30:1800+30"]

1. e4 c5 2. Na3 Nc6 3. Bb5 g6 4. Ne2 Bg7 5. O-O Nf6 6. d3 O-O 7. c4 d6 8. Nc2 Bd7 9. a4 a6 10. Bxc6 Bxc6 11. a5 b5 12. axb6 Qxb6 13. Nc3 Nd7 14. Ra2 Rfe8 15. f4 e6 16. Bd2 Qb3 17. Ne3 Qxd1 18. Rxd1 Reb8 19. Rda1 f5 20. exf5 gxf5 21. Kf1 Bb7 22. Ke2 Kf7 23. Ncd1 h5 24. Nf2 Rg8 25. Nh3 Bf6 26. Rg1 h4 27. Bc3 Be7 28. Raa1 Rg6 29. g4 hxg3 30. Rxg3 Rag8 31. Rag1 Bh4 32. Rxg6 Rxg6 33. Rxg6 Kxg6 34. Ba5 Be7 35. Bc7 Nf6 36. Ng5 Bc8 37. Nf3 Nh5 38. Ng2 Bb7 39. Ke3 Kf7 40. Ngh4 Kg7 41. Ng5 Bc8 42. Nhf3 Kg6 43. Nh4+ Kg7 44. Nhf3 Nf6 45. h3 Kg6 46. Ba5 e5 47. fxe5 dxe5 48. Bc3 Nd7 49. h4 Bf6 50. h5+ Kxh5 51. Nf7 f4+ 52. Kf2 e4 53. dxe4 Bxc3 54. bxc3 Nb6 55. Nd6 Be6 56. Nd2 Kg4 57. Nb7 Bxc4 58. Nxc5 a5 59. Nf3 Bb5 60. Ne5+ Kg5 61. Nf3+ Kf6 62. e5+ Ke7 63. Nd4 Be8 64. Nf5+ Kf8 65. Ne6+ Kf7 66. Nxf4 a4 67. Nd6+ Ke7 68. Nf5+ Kf7 69. Nd6+ Ke7 70. Nf5+ Kf7 1/2-1/2

[Event "FTX Road to Miami Prelims 2022"]
[Site "Online"]
[Date "2022.07.04"]
[Round "6.5"]
[White "Wojtaszek, Radoslaw"]
[Black "Ju, Wenjun"]
[Result "1-0"]
[ECO "E04"]
[WhiteElo "2708"]
[BlackElo "2560"]
[Annotator "ChessBase"]
[PlyCount "87"]
[EventDate "2022.07.10"]
[EventType "tourn"]
[EventCountry "NET"]
[SourceTitle "playchess.com"]
[Source "ChessBase"]
[SourceQuality "1"]
[TimeControl "40/5400+30:1800+30"]

1. c4 Nf6 2. g3 e6 3. Bg2 d5 4. d4 dxc4 5. Nf3 c5 6. O-O Nc6 7. Ne5 Bd7 8. Nxc4 cxd4 9. Bf4 Be7 10. Nd6+ Kf8 11. Nxb7 Qb6 12. Nd6 Qc5 13. Qb3 Bxd6 14. Rc1 Qb4 15. Qxb4 Bxb4 16. Bxc6 Rc8 17. Bxd7 Rxc1+ 18. Bxc1 Nxd7 19. Bd2 Bxd2 20. Nxd2 Ke7 21. Rc1 Rb8 22. b3 Rb7 23. f4 f6 24. Kf2 e5 25. Rc6 Nb8 26. Rc8 Kd7 27. Rg8 Ke6 28. fxe5 fxe5 29. Re8+ Kd5 30. e4+ dxe3+ 31. Kxe3 Nc6 32. Ne4 h6 33. Rc8 Rd7 34. Nc3+ Kc5 35. b4+ Kb6 36. a3 Kb7 37. Re8 Nd4 38. Na4 Nf5+ 39. Kf3 Kc6 40. Rxe5 Rd3+ 41. Kf4 Rxa3 42. Rc5+ Kb7 43. Ra5 Kc6 44. Kxf5 1-0

[Event "FTX Road to Miami Prelims 2022"]
[Site "Online"]
[Date "2022.07.04"]
[Round "6.6"]
[White "Shankland, Sam"]
[Black "Erigaisi Arjun"]
[Result "0-1"]
[ECO "B34"]
[WhiteElo "2720"]
[BlackElo "2689"]
[Annotator "ChessBase"]
[PlyCount "98"]
[EventDate "2022.07.10"]
[EventType "tourn"]
[EventCountry "NET"]
[SourceTitle "playchess.com"]
[Source "ChessBase"]
[SourceQuality "1"]
[TimeControl "40/5400+30:1800+30"]

1. e4 c5 2. Nf3 d6 3. d4 cxd4 4. Nxd4 Nf6 5. Nc3 g6 6. Be3 Bg7 7. f3 O-O 8. Qd2 Nc6 9. Be2 d5 10. Nxc6 bxc6 11. e5 Nd7 12. f4 e6 13. O-O c5 14. Na4 d4 15. Bf2 Bb7 16. c3 Bc6 17. b3 Bxa4 18. bxa4 dxc3 19. Qxc3 Nb6 20. Bf3 Rc8 21. Rfd1 Nxa4 22. Qa3 Qe8 23. Rac1 Qb5 24. Qb3 Qb4 25. Rd7 Nb6 26. Qxb4 cxb4 27. Rdc7 Rxc7 28. Rxc7 Nd5 29. Bxd5 exd5 30. Bc5 Rb8 31. Bxa7 Ra8 32. Kf2 f6 33. e6 f5 34. Ke3 Bf6 35. e7 Kf7 36. Kd3 Ke6 37. Bc5 Ra3+ 38. Kc2 Rxa2+ 39. Kb3 Ra8 40. Kxb4 Re8 41. Rc6+ Kf7 42. Bd6 Bxe7 43. Kc5 Bxd6+ 44. Rxd6 Re2 45. g3 Rxh2 46. Rxd5 Rc2+ 47. Kb4 Kg7 48. Kb3 Rg2 49. Rd3 Kh6 0-1

[Event "FTX Road to Miami Prelims 2022"]
[Site "Online"]
[Date "2022.07.04"]
[Round "6.7"]
[White "Wei, Yi"]
[Black "Mamedyarov, Shakhriyar"]
[Result "1-0"]
[ECO "D27"]
[WhiteElo "2727"]
[BlackElo "2759"]
[Annotator "ChessBase"]
[PlyCount "53"]
[EventDate "2022.07.10"]
[EventType "tourn"]
[EventCountry "NET"]
[SourceTitle "playchess.com"]
[Source "ChessBase"]
[SourceQuality "1"]
[TimeControl "40/5400+30:1800+30"]

1. d4 d5 2. c4 c6 3. Nf3 Nf6 4. e3 e6 5. Bd3 c5 6. O-O dxc4 7. Bxc4 a6 8. Nbd2 cxd4 9. Nxd4 Be7 10. b3 O-O 11. Bb2 b5 12. Be2 Bb7 13. Bf3 Qd7 14. a4 bxa4 15. Nc4 Ra7 16. Rxa4 Bxf3 17. Qxf3 Qd5 18. Qe2 Nbd7 19. Rfa1 Nc5 20. Ra5 Bd8 21. b4 Bxa5 22. Rxa5 Qe4 23. bxc5 Rb8 24. h3 Nd5 25. Ra1 e5 26. f3 Qh4 27. Nc6 1-0

[Event "FTX Road to Miami Prelims 2022"]
[Site "Online"]
[Date "2022.07.04"]
[Round "6.8"]
[White "Dominguez Perez, Leinier"]
[Black "Duda, Jan-Krzysztof"]
[Result "1/2-1/2"]
[ECO "B12"]
[WhiteElo "2754"]
[BlackElo "2750"]
[Annotator "ChessBase"]
[PlyCount "127"]
[EventDate "2022.07.10"]
[EventType "tourn"]
[EventCountry "NET"]
[SourceTitle "playchess.com"]
[Source "ChessBase"]
[SourceQuality "1"]
[TimeControl "40/5400+30:1800+30"]

1. e4 c6 2. d4 d5 3. e5 Bf5 4. Nd2 e6 5. Nb3 c5 6. Bb5+ Nc6 7. dxc5 Bxc5 8. Bxc6+ bxc6 9. Nxc5 Qa5+ 10. c3 Qxc5 11. Ne2 Ne7 12. O-O Qb6 13. b4 Qc7 14. Be3 Qxe5 15. Bc5 Qc7 16. Nd4 Bg6 17. a4 Rc8 18. Qe2 O-O 19. Qa6 Rfe8 20. Qxa7 Qxa7 21. Bxa7 e5 22. Nb3 Bd3 23. Rfe1 Ng6 24. Nc5 Bc4 25. f3 Nf4 26. Kf2 Ra8 27. Bb6 f6 28. g3 Nd3+ 29. Nxd3 Bxd3 30. f4 Kf7 31. Bc7 exf4 32. Bxf4 Rxe1 33. Kxe1 Bb5 34. a5 Re8+ 35. Kf2 Ba6 36. Be3 Re4 37. h4 h5 38. Kf3 Ke6 39. Re1 Kf5 40. Bf2 Rxe1 41. Bxe1 g5 42. Bf2 Ke6 43. Bb6 Kd7 44. Ke3 gxh4 45. gxh4 Kc8 46. Kd4 Kb7 47. Bd8 f5 48. Bg5 Be2 49. Kc5 Bb5 50. Bf4 Bc4 51. Kd6 Bb5 52. Ke6 Bd3 53. Kf6 Ka6 54. Kg5 Be2 55. Kxf5 Kb7 56. Ke5 Ka6 57. Kd6 Kb7 58. Kc5 Ba6 59. Bg5 Bc4 60. Be3 Ba6 61. Bd4 Bc4 62. Be3 Ba6 63. Bd4 Bc4 64. Be3 1/2-1/2

[Event "FTX Road to Miami Prelims 2022"]
[Site "Online"]
[Date "2022.07.04"]
[Round "7.1"]
[White "Duda, Jan-Krzysztof"]
[Black "Niemann, Hans Moke"]
[Result "1-0"]
[ECO "E11"]
[WhiteElo "2750"]
[BlackElo "2688"]
[Annotator "ChessBase"]
[PlyCount "79"]
[EventDate "2022.07.10"]
[EventType "tourn"]
[EventCountry "NET"]
[SourceTitle "playchess.com"]
[Source "ChessBase"]
[SourceQuality "1"]
[TimeControl "40/5400+30:1800+30"]

1. d4 Nf6 2. c4 e6 3. Nf3 d5 4. g3 Bb4+ 5. Bd2 Be7 6. Bg2 O-O 7. O-O Nbd7 8. Qb3 a5 9. Nc3 c6 10. a4 Nb6 11. cxd5 exd5 12. Ne5 Ng4 13. Nd3 Nc4 14. Bf4 Bg5 15. Rad1 Nd6 16. Bxd6 Qxd6 17. e4 Qh6 18. h3 dxe4 19. Nxe4 Nf6 20. Nxg5 Qxg5 21. Rfe1 Nd5 22. Re5 Qd8 23. Bxd5 cxd5 24. Nf4 g5 25. Nxd5 Be6 26. Qf3 Kg7 27. Nc7 Rc8 28. Nxe6+ fxe6 29. Qe3 Rc2 30. Rxg5+ Kh8 31. Rd2 Rxd2 32. Qxd2 b6 33. Qe3 Qf6 34. Re5 Qg6 35. Kg2 Qc2 36. b3 Qc6+ 37. Qe4 Qc3 38. Rxe6 Qxb3 39. Re7 Rf7 40. Qe5+ 1-0

[Event "FTX Road to Miami Prelims 2022"]
[Site "Online"]
[Date "2022.07.04"]
[Round "7.2"]
[White "Mamedyarov, Shakhriyar"]
[Black "Dominguez Perez, Leinier"]
[Result "1/2-1/2"]
[ECO "D20"]
[WhiteElo "2759"]
[BlackElo "2754"]
[Annotator "ChessBase"]
[PlyCount "67"]
[EventDate "2022.07.10"]
[EventType "tourn"]
[EventCountry "NET"]
[SourceTitle "playchess.com"]
[Source "ChessBase"]
[SourceQuality "1"]
[TimeControl "40/5400+30:1800+30"]

1. d4 d5 2. c4 dxc4 3. e4 b5 4. a4 c6 5. axb5 cxb5 6. Nc3 Qb6 7. Nf3 e6 8. Be3 Nf6 9. d5 Bc5 10. Bxc5 Qxc5 11. Qd4 Qb4 12. Be2 O-O 13. O-O a6 14. b3 exd5 15. Nxd5 Nxd5 16. Qxd5 Ra7 17. bxc4 Rd7 18. Qg5 Bb7 19. cxb5 Qxe4 20. Rfe1 Rd5 21. Qg3 axb5 22. Bxb5 Qg6 23. Bc4 Qxg3 24. hxg3 Rc5 25. Ne5 Bd5 26. Bxd5 Rxd5 27. Rad1 Rxd1 28. Rxd1 f6 29. Nd7 Nxd7 30. Rxd7 Rf7 31. Rd8+ Rf8 32. Rd7 Rf7 33. Rd8+ Rf8 34. Rd7 1/2-1/2

[Event "FTX Road to Miami Prelims 2022"]
[Site "Online"]
[Date "2022.07.04"]
[Round "7.3"]
[White "Erigaisi Arjun"]
[Black "Wei, Yi"]
[Result "1/2-1/2"]
[ECO "B51"]
[WhiteElo "2689"]
[BlackElo "2727"]
[Annotator "ChessBase"]
[PlyCount "82"]
[EventDate "2022.07.10"]
[EventType "tourn"]
[EventCountry "NET"]
[SourceTitle "playchess.com"]
[Source "ChessBase"]
[SourceQuality "1"]
[TimeControl "40/5400+30:1800+30"]

1. e4 c5 2. Nf3 d6 3. Bb5+ Nd7 4. Ba4 Ngf6 5. O-O a6 6. c4 e6 7. Nc3 Be7 8. d4 cxd4 9. Nxd4 O-O 10. Qe2 Qc7 11. Bg5 h6 12. Be3 Ne5 13. Bb3 Neg4 14. Bd2 d5 15. Nf3 d4 16. e5 dxc3 17. Bxc3 Nh5 18. Nd4 f5 19. h3 Qxe5 20. hxg4 Qxe2 21. Nxe2 fxg4 22. Rad1 Bc5 23. Bd4 Bxd4 24. Rxd4 e5 25. Rd5 Be6 26. Rxe5 Bf7 27. Rd1 Rfe8 28. Rxe8+ Rxe8 29. Kf1 Nf6 30. Nc3 Rc8 31. Rd4 Kf8 32. Ne4 Nxe4 33. Rxe4 h5 34. Rd4 b5 35. cxb5 Bxb3 36. axb3 axb5 37. Rd5 Rc1+ 38. Ke2 Rc2+ 39. Kf1 Rc1+ 40. Ke2 Rc2+ 41. Kf1 Rc1+ 1/2-1/2

[Event "FTX Road to Miami Prelims 2022"]
[Site "Online"]
[Date "2022.07.04"]
[Round "7.4"]
[White "Ju, Wenjun"]
[Black "Shankland, Sam"]
[Result "1-0"]
[ECO "D76"]
[WhiteElo "2560"]
[BlackElo "2720"]
[Annotator "ChessBase"]
[PlyCount "65"]
[EventDate "2022.07.10"]
[EventType "tourn"]
[EventCountry "NET"]
[SourceTitle "playchess.com"]
[Source "ChessBase"]
[SourceQuality "1"]
[TimeControl "40/5400+30:1800+30"]

1. d4 Nf6 2. c4 g6 3. Nf3 Bg7 4. g3 O-O 5. Bg2 d5 6. cxd5 Nxd5 7. O-O Nb6 8. Nc3 Nc6 9. e3 e5 10. d5 e4 11. dxc6 Qxd1 12. Nxd1 exf3 13. Bxf3 bxc6 14. Bd2 Ba6 15. Bb4 Rfd8 16. Re1 Nc4 17. Be2 Rab8 18. a3 Bb5 19. a4 Ba6 20. Bc3 Bxc3 21. Nxc3 Rxb2 22. Ne4 Nd6 23. Nf6+ Kg7 24. Bxa6 Kxf6 25. Rac1 c5 26. e4 Re8 27. e5+ Rxe5 28. Rxe5 Kxe5 29. Rxc5+ Kf6 30. Rxc7 Ra2 31. Rd7 Rxa4 32. Rxd6+ Ke7 33. Rd7+ 1-0

[Event "FTX Road to Miami Prelims 2022"]
[Site "Online"]
[Date "2022.07.04"]
[Round "7.5"]
[White "Giri, Anish"]
[Black "Wojtaszek, Radoslaw"]
[Result "1-0"]
[ECO "E11"]
[WhiteElo "2760"]
[BlackElo "2708"]
[Annotator "ChessBase"]
[PlyCount "77"]
[EventDate "2022.07.10"]
[EventType "tourn"]
[EventCountry "NET"]
[SourceTitle "playchess.com"]
[Source "ChessBase"]
[SourceQuality "1"]
[TimeControl "40/5400+30:1800+30"]

1. d4 Nf6 2. c4 e6 3. Nf3 d5 4. g3 Bb4+ 5. Bd2 Be7 6. Bg2 Nbd7 7. O-O O-O 8. b4 c6 9. Qb3 Ne4 10. a4 Nxd2 11. Nbxd2 b6 12. Rfc1 Bb7 13. a5 Ba6 14. cxd5 cxd5 15. b5 Bc8 16. a6 Nf6 17. Ne5 Bd7 18. Nc6 Bxc6 19. Rxc6 Rc8 20. Rac1 Rxc6 21. Rxc6 Ne8 22. e3 Nd6 23. Bf1 Qd7 24. Nf3 f6 25. Qc2 Rc8 26. Bh3 g6 27. e4 dxe4 28. d5 f5 29. Ne5 Rxc6 30. dxc6 Qc8 31. Qb3 Bf6 32. Nd7 Kf7 33. Bf1 Ne8 34. Bc4 Nc7 35. Qd1 Ne8 36. Nxf6 Kxf6 37. Qd7 Qb8 38. Qxe6+ Kg7 39. Qe7+ 1-0

[Event "FTX Road to Miami Prelims 2022"]
[Site "Online"]
[Date "2022.07.04"]
[Round "7.6"]
[White "Xiong, Jeffery"]
[Black "Rapport, Richard"]
[Result "0-1"]
[ECO "B51"]
[WhiteElo "2691"]
[BlackElo "2764"]
[Annotator "ChessBase"]
[PlyCount "72"]
[EventDate "2022.07.10"]
[EventType "tourn"]
[EventCountry "NET"]
[SourceTitle "playchess.com"]
[Source "ChessBase"]
[SourceQuality "1"]
[TimeControl "40/5400+30:1800+30"]

1. e4 c5 2. Nf3 d6 3. Bb5+ Nd7 4. d4 cxd4 5. Nxd4 g6 6. O-O Bg7 7. Re1 Ngf6 8. Bf1 Nc5 9. f3 Qb6 10. c3 O-O 11. Na3 a6 12. Nc4 Qc7 13. Ne3 b5 14. b3 Bb7 15. Ba3 Rac8 16. Rc1 Rfd8 17. Kh1 e5 18. Nd5 Bxd5 19. exd5 exd4 20. cxd4 Qa5 21. dxc5 Qxa3 22. c6 Qa5 23. g3 Bh6 24. f4 Re8 25. Rxe8+ Rxe8 26. Bh3 Re7 27. b4 Qb6 28. Bg2 Bg7 29. Bf3 h5 30. Kg2 Ne8 31. f5 Qd4 32. fxg6 fxg6 33. Qf1 Qb2+ 34. Kh3 Rf7 35. Qe1 Nc7 36. Be4 Rf2 0-1

[Event "FTX Road to Miami Prelims 2022"]
[Site "Online"]
[Date "2022.07.04"]
[Round "7.8"]
[White "Sevian, Samuel"]
[Black "Aronian, Levon"]
[Result "1-0"]
[ECO "A29"]
[WhiteElo "2684"]
[BlackElo "2775"]
[Annotator "ChessBase"]
[PlyCount "109"]
[EventDate "2022.07.10"]
[EventType "tourn"]
[EventCountry "NET"]
[SourceTitle "playchess.com"]
[Source "ChessBase"]
[SourceQuality "1"]
[TimeControl "40/5400+30:1800+30"]

1. c4 Nf6 2. Nc3 e5 3. Nf3 Nc6 4. g3 d5 5. cxd5 Nxd5 6. Bg2 Bc5 7. O-O O-O 8. d3 h6 9. Nxd5 Qxd5 10. Bd2 Re8 11. Bc3 Qe6 12. Nd2 a5 13. a4 Qg6 14. Nc4 Qh5 15. Qd2 Bh3 16. Bxh3 Qxh3 17. Nxa5 Nxa5 18. Bxa5 e4 19. dxe4 Rxa5 20. Qxa5 Re5 21. Qxc7 Rh5 22. g4 Qxg4+ 23. Kh1 Qxe4+ 24. f3 Qxe2 25. Rae1 Qxb2 26. Qd8+ Bf8 27. Qb8 Kh7 28. Rb1 Qa3 29. Qxb7 Bd6 30. Rf2 Rf5 31. Qb3 Qc5 32. Qc2 Qe5 33. Re2 Qf4 34. Qe4 Qxe4 35. fxe4 Ra5 36. Ra2 Ra6 37. a5 Bc5 38. Rb5 Bd4 39. Rd5 Be3 40. Kg2 g5 41. Kf3 Bg1 42. e5 Kg7 43. Rd6 Ra7 44. a6 Rc7 45. Rd3 h5 46. h3 Kg6 47. Ke4 h4 48. Rd6+ Kh5 49. Kf5 Rc3 50. Kf6 Rf3+ 51. Kg7 g4 52. hxg4+ Kg5 53. a7 Bxa7 54. Rxa7 h3 55. Rxf7 1-0

[Event "FTX Road to Miami Prelims 2022"]
[Site "Online"]
[Date "2022.07.04"]
[Round "8.1"]
[White "Niemann, Hans Moke"]
[Black "Aronian, Levon"]
[Result "0-1"]
[ECO "D00"]
[WhiteElo "2688"]
[BlackElo "2775"]
[Annotator "ChessBase"]
[PlyCount "90"]
[EventDate "2022.07.10"]
[EventType "tourn"]
[EventCountry "NET"]
[SourceTitle "playchess.com"]
[Source "ChessBase"]
[SourceQuality "1"]
[TimeControl "40/5400+30:1800+30"]

1. d4 d5 2. Nc3 Bf5 3. Bf4 e6 4. e3 Bb4 5. Bd3 Ne7 6. Nge2 O-O 7. a3 Ba5 8. O-O c6 9. e4 Bg6 10. Bg3 Nd7 11. Nf4 Bxc3 12. Nxg6 Nxg6 13. bxc3 dxe4 14. Bc4 Nb6 15. Bb3 Nd5 16. Qe1 f5 17. f3 f4 18. fxe4 fxg3 19. Rxf8+ Qxf8 20. exd5 gxh2+ 21. Kxh2 exd5 22. c4 Re8 23. Qg3 Qf5 24. cxd5 cxd5 25. Qf3 Qxf3 26. gxf3 Nf4 27. Kg3 g5 28. Kg4 h6 29. c4 Kg7 30. cxd5 Kf6 31. Bc4 Rc8 32. Bf1 h5+ 33. Kg3 h4+ 34. Kg4 Nxd5 35. Bd3 Ne3+ 36. Kh3 Rc3 37. Be4 b5 38. Rb1 Nc4 39. Bd5 a6 40. a4 Nb6 41. Bb7 Nxa4 42. Kg4 Rc4 43. Bxa6 Rxd4+ 44. Kh5 h3 45. f4 Rxf4 0-1

[Event "FTX Road to Miami Prelims 2022"]
[Site "Online"]
[Date "2022.07.04"]
[Round "8.3"]
[White "Rapport, Richard"]
[Black "Tari, Aryan"]
[Result "1-0"]
[ECO "A03"]
[WhiteElo "2764"]
[BlackElo "2672"]
[Annotator "ChessBase"]
[PlyCount "63"]
[EventDate "2022.07.10"]
[EventType "tourn"]
[EventCountry "NET"]
[SourceTitle "playchess.com"]
[Source "ChessBase"]
[SourceQuality "1"]
[TimeControl "40/5400+30:1800+30"]

1. f4 d5 2. Nf3 g6 3. c4 c6 4. e3 Bg7 5. Nc3 Nf6 6. Be2 O-O 7. O-O a5 8. d4 dxc4 9. Bxc4 b5 10. Bd3 b4 11. Na4 Nbd7 12. e4 c5 13. e5 Nd5 14. dxc5 Bb7 15. Ng5 Bc6 16. e6 Bxa4 17. exf7+ Kh8 18. Qxa4 Nxc5 19. Qc2 Rc8 20. Bc4 Nb6 21. Rd1 Qc7 22. Bb5 e5 23. f5 h6 24. fxg6 hxg5 25. Qf5 Bh6 26. Qf6+ Bg7 27. Qxg5 Rxf7 28. Qh5+ Kg8 29. Qh7+ Kf8 30. gxf7 Ne6 31. Qg8+ Ke7 32. Qe8+ 1-0

[Event "FTX Road to Miami Prelims 2022"]
[Site "Online"]
[Date "2022.07.04"]
[Round "8.4"]
[White "Wojtaszek, Radoslaw"]
[Black "Xiong, Jeffery"]
[Result "1/2-1/2"]
[ECO "D78"]
[WhiteElo "2708"]
[BlackElo "2691"]
[Annotator "ChessBase"]
[PlyCount "85"]
[EventDate "2022.07.10"]
[EventType "tourn"]
[EventCountry "NET"]
[SourceTitle "playchess.com"]
[Source "ChessBase"]
[SourceQuality "1"]
[TimeControl "40/5400+30:1800+30"]

1. d4 Nf6 2. c4 g6 3. Nf3 Bg7 4. g3 c6 5. Bg2 d5 6. Qb3 O-O 7. O-O Qb6 8. Nc3 Rd8 9. Na4 Qxb3 10. axb3 Na6 11. Bf4 Bg4 12. Be5 Ne4 13. Bxg7 Kxg7 14. Rfd1 Nb4 15. Nc3 Bxf3 16. Bxf3 Ng5 17. Bg2 Ne6 18. e3 Nc7 19. Ra4 a5 20. Raa1 e6 21. Kf1 b5 22. cxb5 cxb5 23. Bf3 Rdb8 24. Be2 Kf8 25. Rdc1 Ke7 26. Ne4 Ne8 27. Nc5 Nd6 28. Nd3 Nxd3 29. Bxd3 Kd7 30. Rc5 a4 31. bxa4 bxa4 32. Ra2 Rb4 33. Rc3 Rab8 34. Rca3 Rxb2 35. Rxa4 Rxa2 36. Rxa2 Rb7 37. h4 Ke7 38. Ke2 h5 39. Rc2 Kd7 40. Ra2 Ke7 41. Rc2 Kd7 42. Ra2 Ke7 43. Rc2 1/2-1/2

[Event "FTX Road to Miami Prelims 2022"]
[Site "Online"]
[Date "2022.07.04"]
[Round "8.5"]
[White "Shankland, Sam"]
[Black "Giri, Anish"]
[Result "0-1"]
[ECO "B90"]
[WhiteElo "2720"]
[BlackElo "2760"]
[Annotator "ChessBase"]
[PlyCount "74"]
[EventDate "2022.07.10"]
[EventType "tourn"]
[EventCountry "NET"]
[SourceTitle "playchess.com"]
[Source "ChessBase"]
[SourceQuality "1"]
[TimeControl "40/5400+30:1800+30"]

1. e4 c5 2. Nf3 d6 3. d4 cxd4 4. Nxd4 Nf6 5. Nc3 a6 6. Be3 e5 7. Nb3 Be7 8. h3 Be6 9. Qf3 O-O 10. g4 a5 11. a4 Na6 12. O-O-O Rc8 13. Bb5 Rxc3 14. bxc3 Nd7 15. Kb1 Nc7 16. Qe2 Nxb5 17. Qxb5 Qc7 18. Qxa5 b6 19. Qb4 Ra8 20. Rd5 Nc5 21. Bxc5 bxc5 22. Qc4 Bd7 23. a5 Rb8 24. Qe2 c4 25. Kb2 Be6 26. Ra1 Bxd5 27. exd5 cxb3 28. cxb3 e4 29. Ra4 Bf6 30. Qc4 Qa7 31. Ka3 Qxf2 32. Rb4 Rf8 33. Qc7 Qe1 34. Ka4 Bxc3 35. Rb7 e3 36. a6 Qa1+ 37. Kb5 Qf1+ 0-1